 Dungeon Crawl Stone Soup version 0.20.1-1-g8b1a95d (webtiles) character file.

172 pstr the Conjurer (level 5, -1/28 HPs)
             Began as a Kobold Conjurer on Nov 25, 2017.
             Splashed by Ijyb's acid (11 damage)
             ... on level 3 of the Dungeon.
             The game lasted 00:08:20 (3767 turns).

pstr the Conjurer (Kobold Conjurer)                 Turns: 3767, Time: 00:08:26

Health: -1/28      AC:  2    Str:  6    XL:     5   Next: 83%
Magic:  5/10       EV: 16    Int: 17    God:
Gold:   141        SH:  0    Dex: 15    Spells: 8/11 levels left

rFire    . . .     SeeInvis .   (weapon restricted)
rCold    . . .     Gourm    .   (shield restricted)
rNeg     . . .     Faith    .   a - +0 robe
rPois    .         Spirit   .   (no helmet)
rElec    .         Reflect  .   (no cloak)
rCorr    .         Harm     .   (no gloves)
MR       .....                  (no boots)
Stlth    ++........             (no amulet)
Regen    0.1/turn               (no ring)
MPRegen  0.2/turn               (no ring)

@: no status effects
A: carnivore 3
a: no special abilities


You were on level 3 of the Dungeon.
You were completely stuffed.

You visited 1 branch of the dungeon, and saw 3 of its levels.

You collected 141 gold pieces.

Inventory:

Missiles
 d - 67 stones (quivered)
 g - 50 arrows
Armour
 a - a +0 robe (worn)
 r - a +0 leather armour
 u - a +0 ring mail
Scrolls
 e - a scroll of enchant armour {unknown}
 h - 3 scrolls of identify {unknown}
 i - a scroll of blinking {unknown}
 j - a scroll of noise {unknown}
 l - a scroll of amnesia {unknown}
 n - a scroll of teleportation {unknown}
 p - a scroll of magic mapping {unknown}
 q - a scroll of enchant weapon {unknown}
 t - a scroll of remove curse {unknown}
Potions
 f - 2 potions of cancellation {unknown}
 m - a potion of degeneration {unknown}
 o - a potion of heal wounds {unknown}
 s - a potion of mutation {unknown}
 v - a potion of invisibility {unknown}
Books
 b - a book of Conjurations

   Spells                             Type                      Level
   a - Magic Dart                     Conjuration                  1
   b - Searing Ray                    Conjuration                  2
   c - Dazzling Spray                 Conjuration/Hexes            3
   d - Fulminant Prism                Conjuration/Hexes            4
   e - Force Lance                    Conjuration/Translocation    4
   f - Iskenderun's Mystic Blast      Conjuration                  4
Comestibles
 c - 2 meat rations
 k - a royal jelly
 w - 4 chunks of flesh


   Skills:
 + Level 3.2 Dodging
 + Level 2.9 Stealth
 + Level 3.5 Spellcasting
 + Level 5.6 Conjurations


You had 8 spell levels left.
You knew the following spells:

 Your Spells              Type           Power        Failure   Level  Hunger
a - Magic Dart            Conj           ###.         1%          1    None
b - Searing Ray           Conj           ###...       2%          2    ##.....


Dungeon Overview and Level Annotations

Branches:
Dungeon (3/15)

Altars:
Zin
The Shining One

Annotations:
D:3 Ijyb


Innate Abilities, Weirdness & Mutations

You are small and have problems with some larger weapons.
You are carnivorous and can eat meat at any time.


Message History

You can't see any susceptible monsters within range! (Use Z to cast anyway.)
Casting: Magic Dart
Confirm with . or Enter, or press ? or * to list all spells.
Aiming: Magic Dart
Press: ? - help, Shift-Dir - straight line, f/p - Ijyb
Aim: Ijyb, wearing a ring mail (lightly wounded)
The magic dart hits Ijyb.
Ijyb is lightly wounded.
Casting: Magic Dart
Confirm with . or Enter, or press ? or * to list all spells.
Aiming: Searing Ray
Press: ? - help, Shift-Dir - straight line, f/p - Ijyb
Aim: Ijyb, wearing a ring mail (lightly wounded)
The searing ray hits Ijyb.
Ijyb is moderately wounded. (Press . to maintain the ray.) Ijyb zaps a wand.
The bolt of acid hits you!
Ouch! That really hurt!
You are splashed with acid!
The acid burns!
You die...

#.........)..>...########
#.......#####....#.......
..........#......#..#####
#.#.####.##.#....#..#....
#.#.####.##.#....#..#....
#......#.##.#....#..#.###
............#....#..#.#..
###.##.#.##.#)...#..#.#..
#+#@...#....#..#.'..
...g.....#.#....#..#.#..
.<.........#....#..#.#..
.........###....#..#.###
.####+#### #....#..#....
#.......# #....#..#....
.........# #....#..#####
####........#
#....#.......
...........#
#....#.......


You could see Ijyb.

Vanquished Creatures
  An orc priest (D:3)
  4 adders
  3 gnolls (D:3)
  A worm (D:3)
  2 dart slugs
  3 leopard geckos
  4 orcs (D:3)
  2 ball pythons (D:1)
  4 bats
  2 giant cockroaches
  12 goblins
  13 hobgoblins
  2 jackals (D:2)
  3 frilled lizards
  4 kobolds
  4 rats
64 creatures vanquished.

Notes
Turn   | Place    | Note
-------+----------+-------------------------------------------
     0 | D:1      | pstr the Kobold Conjurer began the quest for the Orb.
     0 | D:1      | Reached XP level 1. HP: 10/10 MP: 3/3
   241 | D:1      | Reached XP level 2. HP: 15/15 MP: 1/5
   245 | D:1      | Learned a level 2 spell: Searing Ray
   689 | D:1      | Reached XP level 3. HP: 19/19 MP: 3/6
  1737 | D:2      | Reached XP level 4. HP: 24/24 MP: 0/7
  2000 | D:2      | Reached skill level 5 in Conjurations
  3046 | D:3      | Found a glowing golden altar of the Shining One.
  3106 | D:3      | Found a glowing silver altar of Zin.
  3193 | D:3      | Reached XP level 5. HP: 28/28 MP: 5/9
  3763 | D:3      | Noticed Ijyb
  3767 | D:3      | Splashed by Ijyb's acid

Skill      XL: |  1  2  3  4 |
---------------+-------------+-----
Conjurations   | 5 |  5.6
Dodging        | 3 |  3.2
Spellcasting   | 3 |  3.5
Stealth        | |  2.9

Action                   |  1- 3 |  4- 6 || total
-------------------------+-------+-------++-------
 Cast: Magic Dart        |    58 |    57 ||   115
       Searing Ray       |     4 |    10 ||    14
  Eat: Chunk             |    12 |     6 ||    18
Armor: Robe              |       |     1 ||     1
Dodge: Dodged            |     5 |    20 ||    25
